 Dungeon Crawl Stone Soup version 0.26-a0-834-g69557b85cc (webtiles) character file.

Game seed: 16766267901723527262

153 marklar909 the Ruffian (level 5, 0/41 HPs)
             Began as a Draconian Transmuter on Nov 17, 2020.
             Killed by divine providence
             ... invoked by an orc priest
              (13 damage)
             ... on level 3 of the Dungeon.
             The game lasted 00:05:12 (3774 turns).

marklar909 the Ruffian (Draconian Transmuter)       Turns: 3774, Time: 00:05:13

Health: 0/41       AC:  6    Str: 13    XL:     5   Next: 12%
Magic:  8/9        EV: 12    Int: 14    God:
Gold:   173        SH:  0    Dex: 11    Spells: 4/10 levels left

rFire    + . .     SeeInvis .     - Unarmed
rCold    . . .     Faith    .   (no shield)
rNeg     . . .     Spirit   .   (armour unavailable)
rPois    .         Reflect  .   (helmet currently unavailable)
rElec    .         Harm     .   n - +0 cloak
rCorr    .         Rampage  .   (no gloves)
MR       .....                  (boots currently unavailable)
Stlth    +.........             (no amulet)
HPRegen  0.13/turn              b - ring of flight
MPRegen  0.11/turn              j - ring of protection from fire

@: appendages
A: unfitting armour, horns 2, talons 2, cold-blooded, AC +5
a: End Transformation, Evoke Flight


You were on level 3 of the Dungeon.
You had grown temporary horns.
You had grown temporary talons.
You visited 1 branch of the dungeon, and saw 4 of its levels.

You collected 173 gold pieces.

Inventory:

Armour
 n - a +0 cloak (worn)
 o - a +1 pair of boots (melded)
Jewellery
 b - a ring of flight (left hand)
 j - a ring of protection from fire (right hand)
Scrolls
 e - a scroll of identify {unknown}
 f - 4 scrolls of teleportation {unknown}
 g - a scroll of remove curse
 i - a scroll of fog {unknown}
 p - a scroll of random uselessness {unknown}
Potions
 a - 3 potions of curing {unknown}
 c - 2 potions of might {unknown}
 d - 2 potions of heal wounds {unknown}
 k - 2 potions of magic {unknown}
 l - a potion of brilliance {unknown}
 m - a potion of haste {unknown}


   Skills:
 * Level 2.0 Fighting
 * Level 2.4 Dodging
 + Level 0.5 Stealth
 + Level 3.9 Unarmed Combat
 + Level 3.0 Spellcasting
 * Level 2.8 Transmutations


You had 4 spell levels left.
You knew the following spells:

 Your Spells              Type           Power        Failure   Level
a - Beastly Appendage     Tmut           #.....       7%          1
b - Wereblood             Tmut           #.......     11%         2
c - Spider Form           Tmut/Pois      #.........   34%         3

Your spell library contained the following spells:

 Spells                   Type           Power        Failure   Level
 Ice Form                 Ice/Tmut       #.......     75%         4
 Blade Hands              Tmut           #.........   88%         5


Dungeon Overview and Level Annotations

Branches:
Dungeon (4/15)
 Temple: D:4-7

Altars:
Nemelex Xobeh


Innate Abilities, Weirdness & Mutations

Your plain brown scales are hard. (AC +5)
You cannot fit into any form of body armour.
You are cold-blooded and may be slowed by cold attacks.
You have a pair of horns on your head.
You have razor-sharp toenails.


Message History

You tail-slap the orc priest, but do no damage.
The orc priest is heavily wounded.
The orc priest looks braver for a moment.
You hit the orc priest.
Your tail-slap misses the orc priest.
The orc priest is severely wounded.
The orc priest misses you.
Unknown command.
Unknown command.
You hit the orc priest.
The orc priest is almost dead.
The orc priest calls down the wrath of Beogh upon you.
Beogh smites you!
Unknown command.
Casting: Beastly Appendage (safe; 7% risk of failure)
Confirm with . or Enter, or press ? or * to list all spells.
You grow a pair of large bovine horns.
Your feet morph into talons.
Your +1 pair of boots melds into your body.
The orc priest invokes the aid of Beogh against you.
Beogh smites you!
You die...

########### #.........#
####### #.........#
......# #.........#
#####.# #.........# #.#
#......)@)# #.#
###.####o.# #.# #.# #..#
#####.#####.# #..#####
.....[ยง..##.####......#
#####[Oo###.##.#.####.#
(# #.oo# #....#....#.#
.## #oo.# ####......#.#
..# #..o# #######..#.#


You could see an orc priest.

Vanquished Creatures
  Jessica (D:3)
  4 adders
  2 oozes (D:3)
  2 worms (D:2)
  A dart slug (D:1)
  3 leopard geckos
  10 orcs (D:3)
  2 ball pythons
  6 bats
  5 giant cockroaches
  4 goblins
  6 hobgoblins
  4 jackals (D:3)
  A frilled lizard (D:1)
  6 kobolds
  4 rats
61 creatures vanquished.

Notes
Turn   | Place    | Note
-------+----------+-------------------------------------------
     0 | D:1      | marklar909 the Draconian Transmuter began the quest for the
                  | Orb.
     0 | D:1      | Reached XP level 1. HP: 16/16 MP: 3/3
     7 | D:1      | You fall into a shaft and drop 1 floor!
   414 | D:2      | Reached XP level 2. HP: 5/23 MP: 3/5
   701 | D:1      | Learned a level 2 spell: Wereblood
   995 | D:1      | Reached XP level 3. HP: 28/28 MP: 6/6
  1421 | D:2      | Learned a level 3 spell: Spider Form
  1481 | D:2      | Found a sparkling altar of Nemelex Xobeh.
  2172 | D:3      | Reached XP level 4. HP: 35/35 MP: 4/8
  2504 | D:3      | Noticed Jessica
  2536 | D:3      | Killed Jessica
  3096 | D:3      | Reached XP level 5. HP: 32/41 MP: 6/9
  3486 | D:4      | Noticed an ogre
  3774 | D:3      | Killed from afar by an orc priest

Illustrated notes

Levels and vault maps discovered:
D:1:      nzn_arrival_crosshair, layout_basic, minmay_tetromino_t2
D:2:      minmay_spotlight, layout_loops_ring, nemelex_xobeh_ov_fountains_minmay
D:3:      layout_basic, uniq_jessica
D:4:      layout_gridville, uniq_crazy_yiuf_cottage

Skill      XL: |  1  2  3  4 |
---------------+-------------+-----
Dodging        | 2 |  2.4
Spellcasting   | 3 |  3.0
Fighting       | 2 |  2.0
Stealth        | |  0.5
Unarmed Combat | |  3.9
Transmutations | |  2.8

Action                   |  1- 3 |  4- 6 || total
-------------------------+-------+-------++-------
Melee: Unarmed           |    92 |    97 ||   189
       Kick              |    17 |    16 ||    33
       Tailslap          |    15 |    11 ||    26
       Headbutt          |    12 |    10 ||    22
       Punch             |       |     2 ||     2
 Cast: Beastly Appendage |    21 |    13 ||    34
       Wereblood         |     5 |    12 ||    17
  Use: Scroll            |       |     2 ||     2
 Stab: Sleeping          |     1 |       ||     1
Armor: Skin              |    21 |    25 ||    46
Dodge: Dodged            |    65 |    81 ||   146

Table legend: (Time is in decaauts)
 A = Elapsed time spent in this place.
 B = Non-inter-level travel time spent in this place.
 C = Inter-level travel time spent in this place.
 D = Time resting spent in this place.
 E = Time spent auto-exploring this place.
 F = Levels seen in this place.
 G = Mean time per level.
                   A        B        C        D        E       F      G
               +--------+--------+--------+--------+--------+-----+--------+
         Total |   3764 |   3653 |    111 |    245 |   2848 |   4 |  941.0 |
       Dungeon |   3764 |   3653 |    111 |    245 |   2848 |   4 |  941.0 |
               +--------+--------+--------+--------+--------+-----+--------+

Top non-repeatable levels by time:
     D:2: 1686 daAuts
     D:3: 1481 daAuts
     D:1: 585 daAuts
     D:4: 11 daAuts
